[Event "Titled Tuesday Blitz February 15 Late 2022"]
[White "Zhurbinsky, David"]
[Black "Pinto, Daniel"]
[WhiteFideId "2072904"]
[BlackFideId "3303144"]
[WhiteElo "2529"]
[BlackElo "1938"]
[Result "1-0"]
[Round "08"]
[TimeControl "180+1"]
[Date "2022.02.16"]
[WhiteClock "0:00:13"]
[BlackClock "0:00:04"]

1. e4 e5 2. Nf3 Nc6 3. Bb5 Nf6 4. O-O Nxe4 5. d4 Nd6 6. Bxc6 dxc6 7. dxe5 Nf5 8. Qxd8+ Kxd8 9. Bg5+ Ke8 10. Rd1 Be6 11. Nc3 h6 12. Bf4 Rd8 13. Ne4 Bd5 14. Ned2 Be6 15. Nb3 g5 16. Bg3 c5 17. Na5 b6 18. Nc6 Ra8 19. Rd2 Nxg3 20. hxg3 Bd7 21. e6 Bxc6 22. Ne5 fxe6 23. Nxc6 Bd6 24. Re1 Kf7 25. Rd3 Rhe8 26. Rf3+ Kg6 27. Rfe3 Kf6 28. g4 Bf4 29. Rf3 Kg6 30. g3 Bd6 31. Rfe3 Kf6 32. Kg2 a5 33. Re4 a4 34. f4 a3 35. b3 gxf4 36. gxf4 b5 37. f5 e5 38. Rh1 Kg5 39. Rh5+ Kf6 40. Rxh6+ Kg7 41. Rg6+ Kf7 42. c4 bxc4 43. bxc4 Rg8 44. Re6 Ra6 45. Nxe5+ Bxe5 46. Rxa6 Bd4 47. Rxa3 Kf6 48. Ra6+ Kg5 49. Rg6+ Rxg6 50. fxg6 Kxg6 51. Kf3 Kg5 52. a4 1-0


[Site "https://www.chess.com"]

[Event "Titled Tuesday Blitz February 15 Late 2022"]
[White "Zierk, Steven"]
[Black "Svane, Rasmus"]
[WhiteFideId "2034255"]
[BlackFideId "4657101"]
[WhiteElo "2494"]
[BlackElo "2645"]
[Result "1/2-1/2"]
[Round "08"]
[TimeControl "180+1"]
[Date "2022.02.15"]
[WhiteClock "0:00:41"]
[BlackClock "0:00:09"]

1. b3 d5 2. Bb2 Bg4 3. Nf3 e6 4. g3 h6 5. Bg2 Nf6 6. O-O Be7 7. d3 O-O 8. Nbd2 c5 9. e4 Nc6 10. Re1 Qc7 11. h3 Bh5 12. g4 Bg6 13. exd5 Nxd5 14. Ne5 Nxe5 15. Bxe5 Bd6 16. Nc4 Bxe5 17. Nxe5 Bh7 18. Bxd5 exd5 19. Qf3 Rfe8 20. Qxd5 Rad8 21. Nc4 Rxe1+ 22. Rxe1 Bxd3 23. Qe5 Qxe5 24. Nxe5 Bxc2 25. Rc1 Rd1+ 26. Rxd1 Bxd1 27. f4 f6 28. Nd3 b6 29. Kf2 Kf7 30. Ke3 Bc2 31. Ne1 Bb1 32. a3 Ba2 33. b4 cxb4 34. axb4 a5 35. bxa5 bxa5 36. Kd4 Ke6 37. Kc5 a4 38. Nc2 Bb3 39. Nd4+ Kf7 40. Kb4 Bd1 41. Nf5 Bc2 42. Nd4 Bd1 43. Nf5 Kf8 44. Ne3 Bb3 45. Nf5 Be6 46. Kxa4 h5 47. Ne3 Ke7 48. Kb4 Kd6 49. Kc3 hxg4 50. hxg4 Kc5 51. Kd3 Kd6 52. Ke4 Ke7 53. Kf3 Kf7 54. Nf1 Bd7 55. Ng3 Bc6+ 56. Ke3 Bd7 57. Kf3 Bc6+ 58. Ke3 Bd7 59. Kf3 1/2-1/2


[Site "https://www.chess.com"]

[Event "Titled Tuesday Blitz February 15 Late 2022"]
[White "Abdrlauf, Elham"]
[Black "Chigaev, Maksim"]
[WhiteFideId "1533533"]
[BlackFideId "4108116"]
[WhiteElo "2334"]
[BlackElo "2502"]
[Result "1/2-1/2"]
[Round "09"]
[TimeControl "180+1"]
[Date "2022.02.15"]
[WhiteClock "0:00:12"]
[BlackClock "0:00:16"]

1. e4 e5 2. Nc3 Nf6 3. d4 exd4 4. Qxd4 Nc6 5. Qd3 Bc5 6. Qg3 d6 7. Be3 Bxe3 8. Qxe3 Qe7 9. O-O-O a6 10. f4 Bd7 11. Nf3 O-O-O 12. Bd3 Rhe8 13. Rhe1 Kb8 14. Qd2 Qf8 15. Nd5 Nxd5 16. exd5 Ne7 17. Qa5 Nc8 18. Nd4 Nb6 19. c4 g6 20. b3 Qh6 21. Qd2 Rxe1 22. Rxe1 Qxh2 23. Nf3 Qh6 24. Re7 Qf8 25. Qe3 Nc8 26. Re4 Bf5 27. Rd4 Re8 28. Qd2 Bxd3 29. Rxd3 Qg7 30. Kb1 Nb6 31. Re3 Qf8 32. Qe2 Rxe3 33. Qxe3 h6 34. Nd4 Nd7 35. g4 Nf6 36. g5 hxg5 37. fxg5 Nd7 38. Nf3 Qh8 39. Qf4 Qh1+ 40. Kb2 Qh8+ 41. Kb1 Qe8 42. Nd4 Nc5 43. Qf2 Qe4+ 44. Ka1 Nd3 45. Qg1 Nb4 46. Kb2 Nd3+ 47. Kc3 Nf4 48. Qd1 Qe5 49. Kc2 Qxg5 50. Kb2 Qe5 51. Ka3 f5 52. Qd2 g5 53. Nf3 Qe2 54. Qxe2 Nxe2 55. Nxg5 Ng1 56. Ne6 Nh3 57. Nd4 f4 58. Nf3 c5 59. dxc6 bxc6 60. Kb4 c5+ 61. Kc3 Nf2 62. b4 Kc7 63. b5 a5 64. a4 Ne4+ 65. Kd3 Nf2+ 66. Kc3 Ng4 67. Kd3 Kb6 68. Kc3 Ne3 69. Kd3 d5 70. cxd5 Nxd5 71. Kc4 Ne3+ 72. Kd3 Nd5 73. Kc4 Ne7 74. Ne5 Nf5 75. Kd3 Nd6 76. Nd7+ Kc7 77. Nxc5 Nc8 78. Ne6+ Kd6 79. Nxf4 Nb6 80. Ne2 Nxa4 81. Nc3 Nxc3 82. Kxc3 Kc5 83. b6 Kxb6 84. Kb3 Kb5 85. Ka2 a4 86. Ka1 Ka5 87. Ka2 Kb4 88. Ka1 a3 89. Ka2 Ka4 90. Ka1 Kb3 91. Kb1 a2+ 92. Ka1 Ka3 1/2-1/2


[Site "https://www.chess.com"]

[Event "Titled Tuesday Blitz February 15 Late 2022"]
[White "Antolak, Julia"]
[Black "Wartiovaara, Oliver"]
[WhiteFideId "1159569"]
[BlackFideId "513024"]
[WhiteElo "2104"]
[BlackElo "1971"]
[Result "1-0"]
[Round "09"]
[TimeControl "180+1"]
[Date "2022.02.16"]
[WhiteClock "0:00:14"]
[BlackClock "0:00:01"]

1. e4 c5 2. Nf3 d6 3. d4 cxd4 4. Nxd4 Nf6 5. Nc3 a6 6. Nb3 e6 7. g4 d5 8. e5 Nfd7 9. Qe2 Be7 10. Bd2 Nc6 11. O-O-O Ndxe5 12. f4 Nc4 13. Be1 b5 14. Bg2 O-O 15. Bg3 Bf6 16. Qf3 Nxb2 17. Kxb2 b4 18. Kc1 Bxc3 19. f5 Ne5 20. Qf4 Bd7 21. Rhf1 Bb5 22. Rf2 a5 23. Nd4 Bd7 24. Qxe5 Qf6 25. Qxf6 gxf6 26. fxe6 fxe6 27. Nb3 a4 28. Nc5 Bc8 29. Nd3 Ba6 30. Rdf1 Bc4 31. Bf4 Bxa2 32. Bd2 Kg7 33. Nxb4 Bxd2+ 34. Kxd2 Bc4 35. Nd3 a3 36. Ra1 a2 37. Rff1 Rfb8 38. Rfe1 Rb6 39. Nc5 Kf7 40. Re3 Rab8 41. Nb3 Bxb3 42. cxb3 Rxb3 43. Rxb3 Rxb3 44. Rxa2 Kg6 45. Ke2 Rb4 46. h3 h5 47. gxh5+ Kxh5 48. Kf2 Kg5 49. Bf3 Rf4 50. Kg3 d4 51. Rg2 e5 52. Kf2+ Kh6 53. Ke2 f5 54. Bd5 e4 55. Be6 Rf3 56. h4 Kh5 57. Rh2 Rf4 58. Bf7+ Kh6 59. h5 1-0


[Site "https://www.chess.com"]

[Event "Titled Tuesday Blitz February 15 Late 2022"]
[White "Antova, Gabriela"]
[Black "Josse, Mark"]
[WhiteFideId "2915235"]
[BlackFideId "414476"]
[WhiteElo "2184"]
[BlackElo "2271"]
[Result "0-1"]
[Round "09"]
[TimeControl "180+1"]
[Date "2022.02.16"]
[WhiteClock "0:00:02"]
[BlackClock "0:00:13"]

1. d4 d5 2. Nf3 Nf6 3. c4 c6 4. Nc3 e6 5. e3 Nbd7 6. Qc2 Bd6 7. g4 h6 8. h3 b6 9. cxd5 exd5 10. Bd3 Bb7 11. b3 Rc8 12. Bb2 Qe7 13. Rg1 c5 14. Kf1 c4 15. Be2 Ne4 16. Nxe4 dxe4 17. Nd2 c3 18. Bxc3 O-O 19. a4 f5 20. Nc4 Bb8 21. Qd2 Rf7 22. Bb4 Qh4 23. Rg2 f4 24. exf4 e3 25. Qxe3 Bxg2+ 26. Kxg2 Bxf4 27. Qd3 Bg5 28. Rf1 Be7 29. Be1 Qg5 30. Qe3 Rcf8 31. Qxg5 Bxg5 32. Bd3 Nf6 33. d5 Nxd5 34. Ne5 Re7 35. Nf3 Bf4 36. Bc4 Rd8 37. Bb4 Red7 38. Rd1 Kh8 39. Be1 Nf6 40. Rc1 Bxc1 0-1


[Site "https://www.chess.com"]

[Event "Titled Tuesday Blitz February 15 Late 2022"]
[White "Arabidze, Meri"]
[Black "Vusatiuk, Vladimir"]
[WhiteFideId "13604040"]
[BlackFideId "14118610"]
[WhiteElo "2329"]
[BlackElo "2157"]
[Result "0-1"]
[Round "09"]
[TimeControl "180+1"]
[Date "2022.02.15"]
[WhiteClock "0:00:02"]
[BlackClock "0:00:09"]

1. d4 Nf6 2. Nf3 e6 3. g3 b5 4. e3 a6 5. Bg2 Bb7 6. O-O Be7 7. b3 O-O 8. c4 c5 9. Bb2 cxd4 10. exd4 d6 11. Nc3 bxc4 12. bxc4 Qc7 13. Qe2 Nbd7 14. Rac1 Rac8 15. Nb1 Nb6 16. Nbd2 a5 17. c5 dxc5 18. dxc5 Na4 19. Be5 Qd7 20. Nc4 Rxc5 21. Rfd1 Bd5 22. Ne3 Rxc1 23. Rxc1 Rc8 24. Rd1 Nc3 25. Bxc3 Rxc3 26. Ne5 Qb7 27. Nxd5 Nxd5 28. Qh5 g6 29. Qg4 Bf6 30. Nd3 Qb5 31. Nf4 Nxf4 32. Qxf4 Kg7 33. h4 Qb2 34. a4 Qb4 35. Qxb4 axb4 36. Rb1 b3 37. a5 b2 38. Be4 Ra3 39. g4 Rxa5 40. g5 Bd4 41. Kg2 h6 42. f4 hxg5 43. hxg5 Ra3 44. Rd1 Be3 45. Rd7 Bxf4 46. Rb7 Bc1 47. Bc6 Ra5 48. Be8 Rxg5+ 49. Kf3 Rf5+ 50. Ke4 Rf4+ 51. Kd3 g5 52. Kc2 g4 53. Bd7 Kf6 54. Be8 Kg6 55. Kb1 g3 56. Rb3 Rg4 57. Bc6 g2 58. Bxg2 Rxg2 59. Ra3 f5 60. Ra6 Kf6 61. Ra3 f4 62. Rf3 e5 63. Ka2 Kf5 64. Rf1 b1=Q+ 65. Kxb1 Be3 66. Rd1 f3 67. Ka1 Rg1 0-1


[Site "https://www.chess.com"]

[Event "Titled Tuesday Blitz February 15 Late 2022"]
[White "Aradhya, Garg"]
[Black "Iljin, Timofey"]
[WhiteFideId "25006746"]
[BlackFideId "14110180"]
[WhiteElo "2169"]
[BlackElo "2396"]
[Result "1/2-1/2"]
[Round "09"]
[TimeControl "180+1"]
[Date "2022.02.15"]
[WhiteClock "0:02:00"]
[BlackClock "0:01:16"]

1. d4 d5 2. c4 e6 3. Nc3 Bb4 4. cxd5 exd5 5. Bf4 c5 6. e3 c4 7. Bxb8 Bxc3+ 8. bxc3 Rxb8 9. Qa4+ Bd7 10. Qxa7 Nf6 11. Qa3 Ra8 12. Qb2 O-O 13. g3 Bf5 14. Bg2 Bd3 15. Ne2 Qa5 16. a4 b5 17. Nf4 Be4 18. O-O Bxg2 19. axb5 Bxf1 20. Rxa5 Rxa5 21. Kxf1 Rb8 22. b6 Ra6 1/2-1/2


[Site "https://www.chess.com"]

[Event "Titled Tuesday Blitz February 15 Late 2022"]
[White "Bluebaum, Matthias"]
[Black "Andreikin, Dmitry"]
[WhiteFideId "24651516"]
[BlackFideId "4158814"]
[WhiteElo "2550"]
[BlackElo "2736"]
[Result "1-0"]
[Round "09"]
[TimeControl "180+1"]
[Date "2022.02.15"]
[WhiteClock "0:01:12"]
[BlackClock "0:00:01"]

1. d4 g6 2. c4 Bg7 3. e4 e6 4. Nc3 Ne7 5. Nf3 O-O 6. h4 d5 7. e5 c5 8. dxc5 Nbc6 9. Bf4 Qa5 10. Qd2 Qxc5 11. h5 dxc4 12. O-O-O Nd5 13. Bh6 Nxc3 14. Bxg7 Nxa2+ 15. Kb1 c3 16. Bxf8 Kxf8 17. Qd6+ Qxd6 18. exd6 Ncb4 19. Nd4 Bd7 20. Bc4 Ba4 21. Bxa2 c2+ 22. Nxc2 Bxc2+ 23. Ka1 Bxd1 24. hxg6 fxg6 25. Bxe6 Bc2 26. Rxh7 Re8 27. Rh8+ Kg7 28. Rxe8 1-0


[Site "https://www.chess.com"]

[Event "Titled Tuesday Blitz February 15 Late 2022"]
[White "Bok, Benjamin"]
[Black "Goltseva, Ekaterina"]
[WhiteFideId "1017063"]
[BlackFideId "24173770"]
[WhiteElo "2658"]
[BlackElo "2140"]
[Result "1-0"]
[Round "09"]
[TimeControl "180+1"]
[Date "2022.02.15"]
[WhiteClock "0:00:50"]
[BlackClock "0:00:18"]

1. d4 Nf6 2. c4 e6 3. Nf3 d5 4. Nc3 dxc4 5. e4 b5 6. e5 Nd5 7. Nxb5 Nb6 8. Be2 Be7 9. O-O Nc6 10. Qd2 Qd7 11. Nc3 Bb7 12. Rd1 O-O-O 13. Qc2 Nb4 14. Qb1 g5 15. Be3 g4 16. Nd2 h5 17. Nxc4 Nxc4 18. Bxc4 Bxg2 19. a3 Bb7 20. axb4 Qc6 21. d5 Qxc4 22. Rd4 exd5 23. Qf5+ Kb8 24. Rxc4 dxc4 25. Bxa7+ Ka8 26. Bc5+ Kb8 27. Bxe7 Rd2 28. Bg5 Rxb2 29. Qxf7 Rxb4 30. e6 1-0


[Site "https://www.chess.com"]

[Event "Titled Tuesday Blitz February 15 Late 2022"]
[White "Bugayev, Vladimir"]
[Black "Antonio, Jorge Carlos"]
[WhiteFideId "30901480"]
[BlackFideId "113190"]
[WhiteElo "2398"]
[BlackElo "2247"]
[Result "1-0"]
[Round "09"]
[TimeControl "180+1"]
[Date "2022.02.16"]
[WhiteClock "0:00:12"]
[BlackClock "0:00:05"]

1. e4 c5 2. Nc3 e6 3. f4 Nc6 4. Nf3 d6 5. Bb5 Qc7 6. d4 a6 7. Bxc6+ Qxc6 8. d5 Qc7 9. O-O g6 10. f5 exf5 11. exf5 Bxf5 12. Ng5 h6 13. g4 hxg5 14. gxf5 Bg7 15. fxg6 Bd4+ 16. Kh1 f6 17. Qe2+ Be5 18. Rf2 Qg7 19. Ne4 O-O-O 20. Qg4+ Kb8 21. Qe6 Ne7 22. Bxg5 fxg5 23. Rf7 Qh6 24. h3 Qxh3+ 25. Qxh3 Rxh3+ 26. Kg2 Rh2+ 27. Kf3 Nxg6 28. Nxg5 Rf8 29. Rg1 Rxf7+ 30. Nxf7 Nh4+ 31. Ke4 Rxc2 32. Nxe5 dxe5 33. d6 Rxb2 34. Rg8+ Ka7 35. d7 Rd2 36. d8=Q Rxd8 37. Rxd8 Ng6 38. Rd7 Nf8 39. Rf7 Ne6 40. Kxe5 Nd4 41. Kd5 Kb6 42. Kc4 Nc6 43. Rf6 a5 44. a4 Ka6 45. Kxc5 Ka7 46. Rh6 Ne7 47. Kb5 Nc6 48. Rh8 Nd4+ 49. Kxa5 Nc6+ 50. Kb5 Nd4+ 51. Kc4 Nc6 52. Kc5 Ka6 53. Rh4 Na5 54. Rb4 Nc6 55. Rb5 Na5 56. Kb4 Nc6+ 57. Ka3 Na5 58. Rh5 Nc6 59. Kb3 Na5+ 60. Kc3 Nc6 61. Kc4 Kb6 62. Kc3 Ka6 63. Rh6 Kb6 64. Kc4 Kc7 65. Kb5 Nd4+ 66. Kc5 Nb3+ 67. Kc4 Na5+ 68. Kb5 Nc6 69. Kc5 Na5 70. Rh7+ Kb8 71. Kb5 Nc6 72. Kb6 Nd8 73. Rh8 Kc8 74. Rxd8+ Kxd8 75. Kxb7 Kd7 76. a5 1-0


[Site "https://www.chess.com"]

[Event "Titled Tuesday Blitz February 15 Late 2022"]
[White "Chernomordik, Pavel"]
[Black "Chabris, Christopher"]
[WhiteFideId "2804530"]
[BlackFideId "2005263"]
[WhiteElo "2249"]
[BlackElo "2310"]
[Result "1-0"]
[Round "09"]
[TimeControl "180+1"]
[Date "2022.02.16"]
[WhiteClock "0:01:11"]
[BlackClock "0:00:11"]

1. e4 c5 2. Nc3 Nc6 3. Bb5 Nd4 4. Bc4 e6 5. Nge2 a6 6. Nxd4 cxd4 7. Ne2 b5 8. Bb3 Qb6 9. d3 Bb7 10. O-O Ne7 11. Ng3 d5 12. e5 Nc6 13. f4 g6 14. Kh1 Ne7 15. c3 Nf5 16. Nxf5 gxf5 17. Qe1 dxc3 18. bxc3 d4 19. cxd4 O-O-O 20. Be3 Rd5 21. Rc1+ Kb8 22. Qh4 Ba3 23. Rc2 Rg8 24. Qxh7 Qd8 25. Qxf7 Rd7 26. Qxe6 Re7 27. Qxg8 Qxg8 28. Bxg8 Rg7 29. Be6 1-0


[Site "https://www.chess.com"]

[Event "Titled Tuesday Blitz February 15 Late 2022"]
[White "Cori T., Deysi"]
[Black "Golubenko, Valentina"]
[WhiteFideId "3801934"]
[BlackFideId "4501993"]
[WhiteElo "2350"]
[BlackElo "2164"]
[Result "1-0"]
[Round "09"]
[TimeControl "180+1"]
[Date "2022.02.16"]
[WhiteClock "0:00:35"]
[BlackClock "0:00:02"]

1. d4 g6 2. Nf3 Bg7 3. g3 c5 4. c3 cxd4 5. cxd4 d5 6. Bg2 Nf6 7. O-O O-O 8. Nc3 Nc6 9. Ne5 Bf5 10. Bf4 Rc8 11. Rc1 Nh5 12. Nxd5 Nxf4 13. gxf4 Be6 14. Nxc6 bxc6 15. Nb4 Qxd4 16. Qxd4 Bxd4 17. Nxc6 Bf6 18. e4 Bxb2 19. Nxe7+ Kg7 20. Rxc8 Bxc8 21. Rb1 Ba3 22. Nxc8 Rxc8 23. Bf1 Rc2 24. Bd3 Rd2 25. Bc4 Bc5 26. Rb7 Rxf2 27. Rxf7+ Kh6 28. Kh1 Rc2 29. Bd5 Rc1+ 30. Kg2 Rc2+ 31. Kg3 Rc3+ 32. Kg4 Rc2 33. h4 Rg2+ 34. Kf3 Rf2+ 35. Kg3 Rc2 36. Rd7 Rc3+ 37. Kg4 Rc1 38. Bg8 Rg1+ 39. Kf3 Rf1+ 40. Kg2 Rf2+ 41. Kg3 g5 42. hxg5+ Kg6 43. Bxh7+ Kh5 44. Bf5 1-0


[Site "https://www.chess.com"]

[Event "Titled Tuesday Blitz February 15 Late 2022"]
[White "Corrales Jimenez, Fidel"]
[Black "Jobava, Baadur"]
[WhiteFideId "3506690"]
[BlackFideId "13601520"]
[WhiteElo "2541"]
[BlackElo "2617"]
[Result "1/2-1/2"]
[Round "09"]
[TimeControl "180+1"]
[Date "2022.02.15"]
[WhiteClock "0:00:05"]
[BlackClock "0:00:04"]

1. d4 d5 2. c4 dxc4 3. e3 c5 4. Bxc4 Nf6 5. Nf3 cxd4 6. O-O e6 7. Qxd4 Be7 8. Qxd8+ Bxd8 9. a3 Nc6 10. b4 Nd7 11. Bb2 Nb6 12. Nbd2 f6 13. Bb3 e5 14. Ne4 Be7 15. Rac1 Bf5 16. Nfd2 Rd8 17. Rfd1 h5 18. h4 Bg4 19. f3 Bf5 20. Kf2 Bg6 21. Nc5 Bxc5 22. Rxc5 Bf7 23. Bc2 Ke7 24. b5 Nb8 25. a4 Be6 26. Bg6 Nxa4 27. Rc7+ Rd7 28. Ba3+ Kd8 29. Rxd7+ Nxd7 30. Ne4 b6 31. f4 exf4 32. exf4 Kc8 33. f5 Bb3 34. Rd3 Bc2 35. Nd6+ Kb8 36. Rd2 Bb3 37. Ne8 Kc8 38. Nxg7 Nac5 39. Kg1 Bc4 40. Nxh5 Bxb5 41. Bxc5 bxc5 42. Nf4 a5 43. h5 a4 44. Bf7 Ne5 45. Be6+ Kb7 46. Ng6 Rxh5 47. Nxe5 fxe5 48. f6 Rh8 49. f7 Kc7 50. g4 c4 51. g5 c3 52. Rc2 Kd6 53. g6 Kxe6 54. g7 Rh1+ 55. Kxh1 Kxf7 56. Rxc3 Kxg7 57. Rc5 Bd3 58. Rxe5 Kf6 59. Ra5 Bc2 60. Kh2 Bb3 61. Kg3 Ke6 62. Kf4 Kd6 63. Ke4 Kc6 64. Kd4 Kb6 65. Ra8 Kb5 66. Rb8+ Kc6 67. Kc3 Kc5 68. Rh8 Kd6 69. Rh5 Ke6 70. Kd4 Kf6 71. Ra5 Ke6 72. Ra6+ Kf5 73. Ra8 Ke6 74. Ra5 Kf6 75. Ke4 Bc2+ 76. Kf4 Bb3 77. Ra6+ Ke7 78. Ke5 Kf7 79. Rb6 Kg7 80. Kf5 Bc2+ 81. Ke6 Kg6 82. Rb2 Bb3+ 83. Ke5 Kf7 84. Kd6 Kf6 85. Rf2+ Kg6 86. Rf3 Bd1 87. Rd3 Bc2 88. Re3 Kf5 89. Kd5 Bb3+ 90. Kd4 Kf6 91. Rg3 Kf5 92. Rh3 Kg4 93. Rc3 Kf4 94. Rc5 a3 95. Ra5 a2 96. Kc3 Bf7 97. Rxa2 Bxa2 1/2-1/2


[Site "https://www.chess.com"]

[Event "Titled Tuesday Blitz February 15 Late 2022"]
[White "Csonka, Balazs"]
[Black "Ladan, Nicholas"]
[WhiteFideId "742910"]
[BlackFideId "30918855"]
[WhiteElo "2404"]
[BlackElo "2369"]
[Result "1-0"]
[Round "09"]
[TimeControl "180+1"]
[Date "2022.02.15"]
[WhiteClock "0:00:02"]
[BlackClock "0:00:33"]

1. d4 d5 2. Nf3 Nf6 3. Bf4 c5 4. e3 Nc6 5. Nbd2 cxd4 6. exd4 Bf5 7. c3 e6 8. Qb3 Bd6 9. Qxb7 Bxf4 10. Qxc6+ Kf8 11. Ne5 Bxd2+ 12. Kxd2 g6 13. Qb7 Qe8 14. Qb4+ Kg7 15. Bb5 Qd8 16. f3 h5 17. Qa3 Qb6 18. Bd3 Rab8 19. Rab1 h4 20. Bxf5 exf5 21. Rhe1 Rb7 22. Nd3 Rhb8 23. Nc5 Qd6 24. Ne6+ Qxe6 25. Rxe6 fxe6 26. b3 g5 27. Re1 Kf7 28. Qd6 Re8 29. Qc6 Rb6 30. Qc7+ Re7 31. Qd8 Re8 32. Qc7+ Re7 33. Qe5 Nd7 34. Qh8 Nf6 35. f4 Ne4+ 36. Rxe4 dxe4 37. fxg5 Rbb7 38. Qf6+ Ke8 39. g6 Kd8 40. g7 Kd7 41. g8=Q Kd6 42. Qgf8 Kd5 43. Q6xe7 Rxe7 44. Qxe7 f4 45. Qf6 e3+ 46. Kd3 f3 47. Qe5+ Kc6 48. Qxe6+ Kb5 49. gxf3 h3 50. Qxh3 e2 51. Kxe2 a6 52. Qf5+ Kb6 53. h4 a5 54. a4 Ka6 55. h5 Kb6 56. h6 Ka6 57. h7 Kb6 58. h8=Q Kc6 59. Qfe5 Kb6 60. f4 Kc6 61. Qxa5 Kb7 62. Qae5 Kc6 63. f5 Kb6 64. f6 Ka6 65. f7 Kb6 66. f8=Q Ka6 67. d5 Kb6 68. d6 Ka6 69. d7 Kb6 70. c4 Ka6 71. d8=Q Kb7 72. c5 Ka6 73. c6 Ka7 74. b4 Ka6 75. c7 Ka7 76. Qde8 Kb7 77. c8=Q+ Ka7 78. Qg4 Kb6 79. Qgg8 Ka7 80. a5 Ka6 81. Qed6+ Kb7 82. Qdd8 Ka7 83. Qee7+ Ka6 84. Qed6+ Kb5 85. Q8b6+ Ka4 86. a6 Ka3 87. a7 Ka4 88. Kd3 Ka3 89. Kd4 Ka4 90. Ke5 Ka3 91. a8=Q+ Kb2 92. b5 Kc1 93. Qbc7+ Kb2 94. b6 Kb1 95. b7 Kb2 96. b8=Q# 1-0


[Site "https://www.chess.com"]

[Event "Titled Tuesday Blitz February 15 Late 2022"]
[White "Curtis, John"]
[Black "Al-Tarboush, Ward"]
[WhiteFideId "3200256"]
[BlackFideId "7601450"]
[WhiteElo "2203"]
[BlackElo "2276"]
[Result "0-1"]
[Round "09"]
[TimeControl "180+1"]
[Date "2022.02.16"]
[WhiteClock "0:01:05"]
[BlackClock "0:01:43"]

1. e4 e6 2. d4 d5 3. Nc3 Nf6 4. Bg5 dxe4 5. Nxe4 Be7 6. Bxf6 gxf6 7. c3 f5 8. Nd2 c5 9. Bb5+ Bd7 10. Bxd7+ Qxd7 11. Ngf3 Nc6 12. dxc5 Bxc5 13. Nb3 Qxd1+ 14. Rxd1 Be7 15. Nbd4 Nxd4 16. Nxd4 a6 17. Ke2 Bf6 18. Rd3 Rd8 19. Rhd1 Bxd4 20. Rxd4 Rxd4 21. Rxd4 Ke7 22. g3 Rg8 23. a4 h5 24. Rh4 Rg4 25. Rxg4 hxg4 26. f3 Kd6 27. fxg4 fxg4 28. Ke3 e5 29. b3 f5 30. Kf2 f4 31. Kg2 f3+ 32. Kf2 e4 33. Ke3 Kc5 34. Kf2 b5 35. axb5 Kxb5 36. Ke3 a5 37. Kf2 a4 38. c4+ Kb4 39. bxa4 Kxc4 40. h4 gxh3 41. g4 h2 42. g5 h1=Q 0-1


[Site "https://www.chess.com"]

[Event "Titled Tuesday Blitz February 15 Late 2022"]
[White "Daianu, Cristian-Clement"]
[Black "Levine, Joseph"]
[WhiteFideId "1208926"]
[BlackFideId "30940346"]
[WhiteElo "2159"]
[BlackElo "1802"]
[Result "0-1"]
[Round "09"]
[TimeControl "180+1"]
[Date "2022.02.16"]
[WhiteClock "0:00:40"]
[BlackClock "0:00:56"]

1. d4 d5 2. Bf4 Nf6 3. e3 Bf5 4. Nf3 e6 5. h3 Nbd7 6. Nc3 Bd6 7. g4 Bg6 8. Bd3 Ne4 9. Bxe4 Bxe4 10. Nxe4 dxe4 11. Nd2 Bxf4 12. exf4 Nf6 13. Nb3 Nd5 14. Qe2 f5 15. O-O-O Qd6 16. Kb1 O-O 17. gxf5 exf5 18. Rhg1 Kh8 19. c4 Nxf4 20. Qe3 Nd3 21. f3 Rae8 22. fxe4 fxe4 23. Rdf1 Rxf1+ 24. Rxf1 Qh2 25. Nd2 h6 26. c5 c6 27. Nc4 b5 28. cxb6 axb6 29. Rd1 b5 30. Nd2 Qf2 31. Qxf2 Nxf2 32. Kc2 Nxd1 33. Kxd1 Rd8 34. Nb3 c5 35. Nxc5 Rxd4+ 36. Ke2 Rc4 0-1


[Site "https://www.chess.com"]

[Event "Titled Tuesday Blitz February 15 Late 2022"]
[White "Deac, Bogdan-Daniel"]
[Black "Lugovskoy, Maxim"]
[WhiteFideId "1226380"]
[BlackFideId "24126454"]
[WhiteElo "2646"]
[BlackElo "2444"]
[Result "0-1"]
[Round "09"]
[TimeControl "180+1"]
[Date "2022.02.15"]
[WhiteClock "0:00:04"]
[BlackClock "0:00:16"]

1. e4 e6 2. d4 d5 3. Nc3 Bb4 4. Ne2 dxe4 5. a3 Be7 6. Nxe4 Nf6 7. N2g3 Bd7 8. Nxf6+ Bxf6 9. Nh5 Bc6 10. Be3 Nd7 11. Qg4 g6 12. Nxf6+ Nxf6 13. Qh4 Nd5 14. Bg5 f6 15. Bd2 Qd7 16. c4 Ne7 17. Qxf6 O-O-O 18. Bc3 Rhf8 19. Qe5 Kb8 20. f3 Nf5 21. O-O-O Ba4 22. Rd2 a6 23. Be2 Bb3 24. Qa5 Ne3 25. Qb4 Qa4 26. Qxa4 Bxa4 27. Bd3 Bb3 28. c5 e5 29. dxe5 Nxg2 30. Be4 Nf4 31. c6 Bd5 32. cxb7 Bxe4 33. fxe4 Rxd2 34. Kxd2 Ne6 35. Ke3 Kxb7 36. h4 Kc6 37. Be1 Kd7 38. Bg3 Rf7 39. Rd1+ Kc6 40. b4 Rf8 41. Rd5 Rf7 42. Ra5 Kb7 43. Rd5 Kc6 44. Bf2 h6 45. a4 g5 46. hxg5 hxg5 47. b5+ axb5 48. axb5+ Kb7 49. Rd1 g4 50. Rg1 Rf3+ 51. Ke2 Nf4+ 52. Kf1 Nh3 53. Rg2 g3 54. Rxg3 Rxf2+ 55. Ke1 Rh2 56. Rg4 Nf2 57. Rg3 Nxe4 58. Re3 Nc5 59. e6 Rh8 60. Kd2 Re8 61. e7 Kc8 62. Kc3 Kd7 63. Kc4 Na4 64. Rd3+ Kxe7 65. Kb4 Nb6 66. Kc5 Rd8 67. Rh3 Kd7 68. Rh7+ Kc8 69. Rh6 Kb7 0-1


[Site "https://www.chess.com"]

[Event "Titled Tuesday Blitz February 15 Late 2022"]
[White "Demchenko, Anton"]
[Black "Wieczorek, Oskar"]
[WhiteFideId "4160258"]
[BlackFideId "1133950"]
[WhiteElo "2539"]
[BlackElo "2319"]
[Result "0-1"]
[Round "09"]
[TimeControl "180+1"]
[Date "2022.02.15"]
[WhiteClock "0:00:05"]
[BlackClock "0:00:07"]

1. e4 e5 2. Nf3 Nc6 3. Bc4 Bc5 4. d3 Nf6 5. Bg5 h6 6. Bh4 Be7 7. Bg3 d6 8. a4 a5 9. c3 O-O 10. h3 Be6 11. Bxe6 fxe6 12. O-O Kh8 13. Nbd2 Qd7 14. Re1 Qe8 15. Qb3 Qd7 16. Rac1 Nh5 17. Bh2 Nf4 18. Bxf4 Rxf4 19. d4 exd4 20. Nxd4 Nxd4 21. cxd4 Raf8 22. Re2 b6 23. Nb1 Bd8 24. Nc3 Qf7 25. Nd1 Qg6 26. Qc2 Rh4 27. Kh1 Rf3 28. Re3 Rxe3 29. fxe3 Qxe4 30. Qxe4 Rxe4 31. Kg1 e5 32. dxe5 Rxe5 33. Kf2 Re4 34. Nc3 Rb4 35. Rc2 Kg8 36. Kf3 Kf8 37. Nd5 Rxa4 38. Nxc7 Bxc7 39. Rxc7 Rb4 40. Rc2 Kf7 41. e4 Ke6 42. h4 Ke5 43. Rc7 Rb3+ 44. Kg4 Rxb2 45. g3 Kf6 46. Rd7 a4 47. Rxd6+ Ke5 48. Rd7 a3 49. Re7+ Kd4 50. Ra7 b5 51. Kf5 b4 52. e5 Rf2+ 53. Ke6 Re2 54. Rb7 Kc3 55. Kd6 b3 56. e6 a2 57. Rc7+ Kb2 58. Ra7 a1=Q 59. Rxa1 Kxa1 60. e7 Rxe7 0-1


[Site "https://www.chess.com"]

[Event "Titled Tuesday Blitz February 15 Late 2022"]
[White "Dubov, Daniil"]
[Black "Fedoseev, Vladimir"]
[WhiteFideId "24126055"]
[BlackFideId "24130737"]
[WhiteElo "2791"]
[BlackElo "2726"]
[Result "1-0"]
[Round "09"]
[TimeControl "180+1"]
[Date "2022.02.15"]
[WhiteClock "0:00:10"]
[BlackClock "0:00:01"]

1. d4 Nf6 2. Bf4 c5 3. d5 d6 4. Nc3 Qa5 5. Bd2 Nbd7 6. e4 g6 7. Nf3 Bg7 8. Be2 O-O 9. O-O a6 10. a4 Qc7 11. h3 Re8 12. Re1 b6 13. Bf4 Bb7 14. Qd2 Rad8 15. Bc4 Nh5 16. Bh2 Ne5 17. Nxe5 Bxe5 18. Bxe5 dxe5 19. Rad1 Rd6 20. g3 Bc8 21. Kh2 Qb7 22. Qe2 Qd7 23. Qf1 Rf6 24. Rd2 Qb7 25. Nd1 Ng7 26. Ne3 Rd6 27. Red1 Rdd8 28. Qe2 Rf8 29. Qf3 Ne8 30. Bf1 Nd6 31. Nc4 f5 32. Nxe5 Nxe4 33. Rd3 Qc7 34. Nc4 b5 35. axb5 axb5 36. Ne3 Nf6 37. d6 exd6 38. Qf4 Ne4 39. Nd5 Qf7 40. Re3 Be6 41. Nc3 d5 42. Nxb5 d4 43. Ra3 Rd7 44. Ra6 Bc4 45. b3 Bxf1 46. Rxf1 Qe7 47. Re1 Qd8 48. f3 Nf6 49. Qe5 Nd5 50. Qe6+ Kg7 51. Nd6 Re7 52. Qxd5 Rxe1 53. Ra7+ Kh8 54. Nf7+ Rxf7 55. Qxd8+ Kg7 56. Rxf7+ Kxf7 57. Qd5+ Kf6 58. Qxc5 Re2+ 59. Kg1 Rd2 60. Qd6+ Kf7 61. Qc7+ Ke6 62. Qc6+ Ke7 63. f4 Rd1+ 64. Kf2 Rd2+ 65. Ke1 Rh2 66. Qc5+ Ke6 67. Qc4+ Ke7 68. h4 Rg2 69. Qc5+ Kf6 70. Qc6+ 1-0


[Site "https://www.chess.com"]